 Dungeon Crawl Stone Soup version 0.26-b1-32-g5d43845318 (webtiles) character file.

Game seed: 8807219741653807892

8 sentinel the Conjurer (level 2, 22/22 HPs)
             Began as a Demonspawn Conjurer on Jan 11, 2021.
             Quit the game on level 1 of the Dungeon.
             The game lasted 00:00:11 (176 turns).

sentinel the Conjurer (Demonspawn Conjurer)          Turns: 176, Time: 00:00:12

Health: 22/22      AC:  2    Str:  7    XL:     2   Next: 0%
Magic:  0/5        EV: 12    Int: 19    God:
Gold:   0          SH:  0    Dex: 11    Spells: 4/5 levels left

rFire    . . .     SeeInvis .   (no weapon)
rCold    . . .     Faith    .   (no shield)
rNeg     . . .     Spirit   .   a - +0 robe
rPois    .         Reflect  .   (no helmet)
rElec    .         Harm     .   (no cloak)
rCorr    .         Rampage  .   (no gloves)
Will     .....                  (no boots)
Stlth    ++........             (no amulet)
HPRegen  0.07/turn              (no ring)
MPRegen  0.09/turn              (no ring)

@: no status effects
A: miasma immunity
a: no special abilities


You were on level 1 of the Dungeon.
You visited 1 branch of the dungeon, and saw 1 of its levels.

Inventory:

Armour
 a - a +0 robe (worn)
Scrolls
 b - a scroll of blinking {unknown}
 c - 2 scrolls of enchant weapon {unknown}


   Skills:
 + Level 1.6 Fighting
 - Level 1.7 Dodging
 - Level 1.7 Stealth
 - Level 2.0 Spellcasting
 - Level 4.0 Conjurations


You had 4 spell levels left.
You knew the following spells:

 Your Spells              Type           Power        Failure   Level
a - Magic Dart            Conj           68%          3%          1

Your spell library contained the following spells:

 Spells                   Type           Power        Failure   Level
 Searing Ray              Conj           34%          4%          2
 Dazzling Flash           Conj/Hex       18%          22%         3
 Fulminant Prism          Conj/Hex       4%           58%         4
 Iskenderun's Mystic Bla  Conj/Tloc      9%           58%         4


Dungeon Overview and Level Annotations

Branches:
Dungeon (1/15)

Altars:


Innate Abilities, Weirdness & Mutations

You are immune to miasma.


Message History

Options error: Bad channel -- pray (~/.crawlrc:3650) Options error: Bad channel -- food (~/.crawlrc:3653) Options error: Bad channel -- rotten_meat (~/.crawlrc:3670) Welcome, sentinel the Demonspawn Conjurer.
Will you prevail where others failed? Will you find the Orb of Zot?
Found a staircase leading out of the dungeon.
You open the door.
There is an open door here.
b - a scroll labelled CEICZA LIOR
c - a scroll labelled OTABOS WUNTIFU A bat comes into view.
But you're not safe! But you're not safe! But you're not safe!
But you're not safe! But you're not safe!
The magic dart hits the bat.
You kill the bat!
You can't see any susceptible monsters within range! (Use Z to cast anyway.)
You can't see any susceptible monsters within range! (Use Z to cast anyway.)
You can't see any susceptible monsters within range! (Use Z to cast anyway.)
You can't see any susceptible monsters within range! (Use Z to cast anyway.)
You can't see any susceptible monsters within range! (Use Z to cast anyway.)
You can't see any susceptible monsters within range! (Use Z to cast anyway.)
c - 2 scrolls labelled OTABOS WUNTIFU (gained 1)
A kobold comes into view.
But you're not safe! But you're not safe! But you're not safe!
But you're not safe! But you're not safe!
The magic dart hits the kobold.
The kobold shouts!
The magic dart hits the kobold.
The magic dart hits the kobold.
You kill the kobold!
You don't have enough magic to cast that spell.
A bat comes into view.
Found 10 bolts.
But you're not safe! But you're not safe! But you're not safe!
But you're not safe!
The magic dart hits the bat.
The magic dart hits the bat.
You kill the bat!
Your Fighting skill increases to level 1!
You can't see any susceptible monsters within range! (Use Z to cast anyway.)
You can't see any susceptible monsters within range! (Use Z to cast anyway.)
You can't see any susceptible monsters within range! (Use Z to cast anyway.)
You can't see any susceptible monsters within range! (Use Z to cast anyway.)
You see here a bat corpse.
You see here 10 bolts.
A bat comes into view.
But you're not safe! But you're not safe! But you're not safe!
But you're not safe! But you're not safe!
The magic dart hits the bat.
You kill the bat!
You can't see any susceptible monsters within range! (Use Z to cast anyway.)
You can't see any susceptible monsters within range! (Use Z to cast anyway.)
You can't see any susceptible monsters within range! (Use Z to cast anyway.)
You can't see any susceptible monsters within range! (Use Z to cast anyway.)
You can't see any susceptible monsters within range! (Use Z to cast anyway.)
A frilled lizard comes into view.
But you're not safe! But you're not safe! But you're not safe!
But you're not safe! But you're not safe!
The magic dart hits the frilled lizard.
You kill the frilled lizard!
You can't see any susceptible monsters within range! (Use Z to cast anyway.)
You can't see any susceptible monsters within range! (Use Z to cast anyway.)
You can't see any susceptible monsters within range! (Use Z to cast anyway.)
You can't see any susceptible monsters within range! (Use Z to cast anyway.)
You can't see any susceptible monsters within range! (Use Z to cast anyway.)
A leopard gecko comes into view.
Found a scroll labelled DIOCUG KARASH.
But you're not safe! But you're not safe! But you're not safe!
But you're not safe! But you're not safe! But you're not safe!
The magic dart hits the leopard gecko.
The leopard gecko hisses angrily.
The magic dart hits the leopard gecko.
You kill the leopard gecko!
You can't see any susceptible monsters within range! (Use Z to cast anyway.)
You can't see any susceptible monsters within range! (Use Z to cast anyway.)
You can't see any susceptible monsters within range! (Use Z to cast anyway.)
You can't see any susceptible monsters within range! (Use Z to cast anyway.)
You can't see any susceptible monsters within range! (Use Z to cast anyway.)
You can't see any susceptible monsters within range! (Use Z to cast anyway.)
A hobgoblin comes into view.
The hobgoblin shouts!
You hear an angry hiss.
But you're not safe! But you're not safe! But you're not safe!
But you're not safe!
The magic dart hits the hobgoblin.
A leopard gecko comes into view.
The magic dart hits the hobgoblin but does no damage.
The magic dart hits the hobgoblin.
You kill the hobgoblin!
You have reached level 2!
Your demonic ancestry asserts itself...
You feel immune to miasma.

## ####.... .. .. ..
........ #. . .#
#######. #.. .#..
######. #..##.. ##.(..†.
####..#.l########..#####
#........#........##
.......†...########
#?.....@.### #........#
#........# #........#
#........# #........#
#........# #........#


You could see a leopard gecko.

Vanquished Creatures
  A leopard gecko (D:1)
  3 bats (D:1)
  A hobgoblin (D:1)
  A frilled lizard (D:1)
  A kobold (D:1)
7 creatures vanquished.

Notes
Turn   | Place    | Note
-------+----------+-------------------------------------------
     0 | D:1      | sentinel the Demonspawn Conjurer began the quest for the
                  | Orb.
     0 | D:1      | Reached XP level 1. HP: 13/13 MP: 3/3
    84 | D:1      | Reached skill level 1 in Fighting
   176 | D:1      | Gained mutation: You are immune to miasma. [demonic
                  | ancestry]
   176 | D:1      | Reached XP level 2. HP: 22/22 MP: 0/5
   176 | D:1      | Quit the game

Illustrated notes

Levels and vault maps discovered:
D:1:      minmay_arrival_three_doors, layout_rooms, corexii_leaking_fountain

Skill      XL: |  1 |
---------------+----+-----
Fighting       | 1 |  1.6
Dodging        | |  1.7
Stealth        | |  1.7
Spellcasting   | |  2.0
Conjurations   | |  4.0

Action                   || total
-------------------------++-------
 Cast: Magic Dart        ||    13
